 Dungeon Crawl Stone Soup version 0.27-a0-13-g87abb2d9eb (webtiles) character file.

Game seed: 16450287367173016546

65 Nietzsche the Cutter (level 3, 0/27 HPs)
             Began as a Vampire Gladiator on Jan 3, 2021.
             Slain by a gnoll
             ... wielding a +0 spear
              (8 damage)
             ... on level 2 of the Dungeon.
             The game lasted 00:03:30 (970 turns).

Nietzsche the Cutter (Vampire Gladiator)             Turns: 970, Time: 00:03:31

Health: 0/27       AC:  4    Str: 13    XL:     3   Next: 92%
Magic:  4/4        EV: 13    Int: 11    God:
Gold:   82         SH:  0    Dex: 15    Spells: 4/4 levels left

rFire    . . .     SeeInvis +   a - +2 rapier
rCold    . . .     Faith    .   (no shield)
rNeg     . . .     Spirit   .   b - +0 leather armour
rPois    .         Reflect  .   c - +0 helmet
rElec    .         Harm     .   (no cloak)
rCorr    .         Rampage  .   (no gloves)
Will     .....                  (no boots)
Stlth    ++........             (no amulet)
HPRegen  0.29/turn              (no ring)
MPRegen  0.09/turn              (no ring)

@: regenerating quickly
A: fangs 3, see invisible, unbreathing
a: Exsanguinate


You were on level 2 of the Dungeon.
You visited 1 branch of the dungeon, and saw 2 of its levels.

You collected 82 gold pieces.

Inventory:

Hand Weapons
 a - a +2 rapier (weapon)
 i - a cursed -2 short sword
Missiles
 d - 3 throwing nets (quivered)
Armour
 b - a +0 leather armour (worn)
 c - a +0 helmet (worn)
Jewellery
 k - a -4 ring of dexterity
Scrolls
 e - 2 scrolls of identify
 g - 3 scrolls of remove curse
Potions
 h - 2 potions of haste


   Skills:
 + Level 2.0 Fighting
 + Level 4.1 Short Blades
 - Level 1.5 Throwing
 + Level 3.6 Dodging
 * Level 2.7 Stealth
 * Level 1.0 Spellcasting


You had 4 spell levels left.
You didn't know any spells.
Your spell library was empty.

Dungeon Overview and Level Annotations

Branches:
Dungeon (2/15)

Altars:


Innate Abilities, Weirdness & Mutations

Your natural rate of healing is unusually fast.
You have razor-sharp teeth.
You have supernaturally acute eyesight. (SInv)
You can survive without breathing.


Message History

The gnoll closely misses you. The gnoll barely misses you.
You hit the gnoll.
The gnoll is almost dead.
The gnoll barely misses you. The gnoll closely misses you.
You puncture the gnoll!
You kill the gnoll!
The gnoll hits you from afar with a +0 spear.
Your Spellcasting skill increases to level 1!
You hit the hobgoblin.
The hobgoblin is severely wounded.
The gnoll hits you but does no damage. The hobgoblin hits you with a +0 club.
You hit the hobgoblin.
The hobgoblin is almost dead.
The gnoll hits you from afar with a +0 spear!
* * * LOW HITPOINT WARNING * * *
The hobgoblin closely misses you.
You barely miss the hobgoblin.
The hobgoblin is almost dead.
The gnoll hits you from afar with a +0 spear!
You die...

.#. .# #.# ..
#.# # #g #.#
.##.# #[# ....
#.# #.. #.#
#####.g##.####
g.....gg@....#
###.########.#
##<######
#..(.[..#
#..####.#
#.(.###.#
#(...##.#
#)...##.#
#.#####.#


You could see a gnoll, a hobgoblin and a goblin.

Vanquished Creatures
  2 gnolls (D:2)
  An adder (D:2)
  A leopard gecko (D:1)
  A ball python (D:1)
  6 jackals (D:1)
  8 kobolds
  2 bats (D:1)
  3 frilled lizards (D:1)
  8 goblins
  2 rats (D:1)
34 creatures vanquished.

Vanquished Creatures (others)
  A plant (D:2)
1 creature vanquished.

Grand Total: 35 creatures vanquished

Notes
Turn   | Place    | Note
-------+----------+-------------------------------------------
     0 | D:1      | Nietzsche the Vampire Gladiator began the quest for the
                  | Orb.
     0 | D:1      | Reached XP level 1. HP: 16/16 MP: 1/1
    72 | D:1      | Reached skill level 1 in Stealth
   180 | D:1      | Reached XP level 2. HP: 22/22 MP: 2/2
   599 | D:1      | Reached XP level 3. HP: 26/27 MP: 3/3
   961 | D:2      | Reached skill level 4 in Short Blades
   968 | D:2      | Reached skill level 1 in Spellcasting
   970 | D:2      | Slain by a gnoll

Illustrated notes

Levels and vault maps discovered:
D:1:      nzn_arrival_water_spiral, layout_basic, chequers_avenue
D:2:      cheibrodos_old_hovel, layout_loops_cross, dancing_weapons_uskayaw,
          okawaru_trees_1, ashenzari_altar_1, nicolae_gozag_seed_capital

Skill      XL: |  1  2  3 |
---------------+----------+-----
Stealth        | 2 |  2.7
Fighting       | 2 |  2.0
Short Blades   | 4 |  4.1
Spellcasting   | 1 |  1.0
Throwing       | |  1.5
Dodging        | |  3.6

Action                   || total
-------------------------++-------
Melee: Rapier            ||   100
       Bite              ||     7
  Use: Scroll            ||     6
 Stab: Sleeping          ||     2
Armor: Leather armour    ||    28
Dodge: Dodged            ||    87

Table legend: (Time is in decaauts)
 A = Elapsed time spent in this place.
 B = Non-inter-level travel time spent in this place.
 C = Inter-level travel time spent in this place.
 D = Time resting spent in this place.
 E = Time spent auto-exploring this place.
 F = Levels seen in this place.
 G = Mean time per level.
                   A        B        C        D        E       F      G
               +--------+--------+--------+--------+--------+-----+--------+
         Total |    971 |    971 |      0 |     39 |    655 |   2 |  485.5 |
       Dungeon |    971 |    971 |      0 |     39 |    655 |   2 |  485.5 |
               +--------+--------+--------+--------+--------+-----+--------+

Top non-repeatable levels by time:
     D:1: 879 daAuts
     D:2: 92 daAuts
